 Dungeon Crawl Stone Soup version 0.24.0-123-gd5b16e6ec5 (webtiles) character file.

Game seed: 13963881405843299966, levelgen mode: deterministic

45306 brucemayne the Severer (level 14, -4/124 HPs)
             Began as a Hill Orc Monk on Jan 29, 2020.
             Was a High Priest of the Shining One.
             Slain by a death scarab (11 damage)
             ... in a Gauntlet on Jan 30, 2020.
             The game lasted 00:42:57 (8364 turns).

brucemayne the Severer (Hill Orc Monk)              Turns: 8364, Time: 00:42:58

Health: -4/124     AC: 19    Str: 22    XL:     14   Next: 32%
Magic:  26/26      EV: 11    Int: 10    God:    the Shining One [*****.]
Gold:   614        SH: 13    Dex: 13    Spells: 13/13 levels left

rFire    + + .     SeeInvis .   e - +4 battleaxe (venom)
rCold    . . .     Gourm    .   (shield currently unavailable)
rNeg     + + .     Faith    .   d - +2 chain mail {rF+}
rPois    .         Spirit   .   (no helmet)
rElec    .         Reflect  .   w - +1 cloak {rF+}
rCorr    .         Harm     .   z - +1 pair of gloves
MR       +....     NoTele   +   (no boots)
Stlth    ..........             (no amulet)
HPRegen  0.30/turn              R - +3 ring of strength
MPRegen  0.20/turn              g - +2 ring of evasion

@: divine shield, hasted and slowed, glowing
A: talons 1, molten scales 1, wild magic 1
a: Divine Shield, Cleansing Flame, Summon Divine Warrior, Renounce Religion


You were in a Gauntlet.
You worshipped the Shining One.
The Shining One was extremely pleased with you.
You were not hungry.

You visited 3 branches of the dungeon, and saw 20 of its levels.
You also visited: Gauntlet, Ice Cave and Volcano.

You collected 1360 gold pieces.
You spent 746 gold pieces at shops.

Inventory:

Hand Weapons
 a - a +0 eveningstar of flaming
 b - a +0 whip of electrocution
 e - a +4 battleaxe of venom (weapon)
 v - a +1 war axe
 y - a +2 whip of venom
Missiles
 j - 20 stones
 l - 42 poisoned darts (quivered)
 Z - 3 curare-tipped darts
Armour
 d - a +2 chain mail of fire resistance (worn)
 w - a +1 cloak of fire resistance (worn)
 x - a +0 troll leather armour
 z - a +1 pair of gloves (worn)
 C - the +6 ring mail "Weoqe" {rN+}
   (You found it on level 6 of the Dungeon)

   It protects you from negative energy.
 G - a +1 buckler of positive energy
 I - a +0 chain mail of poison resistance
 T - the +1 ring mail of Gudwiew {Dex+4}
   (You found it on level 13 of the Dungeon)

   It affects your dexterity (+4).
Jewellery
 g - a +2 ring of evasion (right hand)
 t - an uncursed ring of resist corrosion
 A - an uncursed amulet of the gourmand
 R - a +3 ring of strength (left hand)
Wands
 r - a wand of flame (11)
 B - a wand of polymorph (5)
 O - a wand of acid (8)
 Y - a wand of enslavement (8)
Scrolls
 f - a scroll of remove curse
 k - 3 scrolls of teleportation
 o - 3 scrolls of identify
 u - 2 scrolls of fog
 D - 5 scrolls of enchant armour
 K - a scroll of blinking
 Q - 3 scrolls of enchant weapon
Potions
 h - a potion of berserk rage {unknown}
 i - a potion of mutation
 m - a potion of curing
 n - a potion of might
 p - 2 potions of resistance
 q - a potion of lignification
 s - 3 potions of magic
 E - a potion of heal wounds
 M - 3 potions of brilliance {unknown}
 N - a potion of ambrosia
 S - 2 potions of agility
Miscellaneous
 U - a phial of floods
Comestibles
 c - 10 rations


   Skills:
 + Level 11.0 Fighting
 + Level 19.6 Axes
 - Level 7.1 Armour
 - Level 2.4 Dodging
 - Level 1.5 Stealth
 - Level 4.2 Shields
 - Level 17.4 Invocations


You had 13 spell levels left.
You didn't know any spells.
Your spell library contained the following spells:

 Spells                   Type           Power        Failure   Level  Hunger
 Animate Skeleton         Necr           N/A          97%         1    ##.....
 Flame Tongue             Conj/Fire      #....        97%         1    ##.....
 Pain                     Necr           #...         97%         1    ##.....
 Sting                    Conj/Pois      #...         97%         1    ##.....
 Poisonous Vapours        Pois/Air       #.....       99%         2    ###....
 Throw Flame              Conj/Fire      #.....       99%         2    ###....
 Conjure Flame            Conj/Fire      #.......     100%        3    ####...
 Inner Flame              Hex/Fire       #.......     100%        3    ####...
 Mephitic Cloud           Conj/Pois/Air  #.......     100%        3    ####...
 Regeneration             Chrm/Necr      #.........   100%        3    ####...
 Summon Guardian Golem    Hex/Summ       #.......     100%        3    ####...
 Tukima's Dance           Hex            #.......     100%        3    ####...
 Vampiric Draining        Necr           #.........   100%        3    ####...
 Animate Dead             Necr           N/A          100%        4    #####..
 Cause Fear               Hex            #.........   100%        4    #####..
 Olgreb's Toxic Radiance  Pois           #.......     100%        4    #####..
 Sticky Flame             Conj/Fire      #.......     100%        4    #####..
 Fireball                 Conj/Fire      #.........   100%        5    ######.
 Silence                  Hex/Air        #.........   100%        5    ######.
 Venom Bolt               Conj/Pois      #.........   100%        5    ######.
 Yara's Violent Unravell  Hex/Tmut       #.........   100%        5    ######.
 Deflect Missiles         Chrm/Air       #.........   100%        6    #######
 Freezing Cloud           Conj/Ice/Air   #.........   100%        6    #######
 Simulacrum               Ice/Necr       #.........   100%        6    #######
 Ring of Flames           Chrm/Fire      #.........   100%        7    #######
 Discord                  Hex            #.........   100%        8    #######


Dungeon Overview and Level Annotations

Branches:
Dungeon (14/15)              Lair (4/6) D:9          Shoals (0/4) Lair:2
    Orc (2/2) D:11            Elf (0/3) Orc:2         IceCv (visited)
Volcano (visited)         Gauntlet (1/1)
 Temple: D:4-7        Snake: Lair:2-4    Spider: Lair:2-4    Vaults: D:13-14

Altars:
Ashenzari
Gozag
Hepliaklqana
Kikubaaqudgha
Nemelex Xobeh
Uskayaw
Vehumet
Xom
Yredelemnul
The Shining One
Beogh

Shops:
D:5 *   D:6 *   D:11 (   Orc:2 ?}:[

Annotations:
D:4 2 transporters, Sobieck's ghost, amateur DDFi
D:9 1 runed translucent door, Britaniac's ghost, novice GnWr Gauntlet 9 transporters, 21 runed translucent doors


Innate Abilities, Weirdness & Mutations

You have sharp toenails.
You are partially covered in molten scales. (AC +2)
Your spells are a little harder to cast, but a little more powerful.


Message History

Unknown command.
You feel yourself speed up. The death scarab bites you.
* * * LOW HITPOINT WARNING * * *
The death scarab drains your vigour!
You feel as though you will be slow longer.
You block the death scarab's attack.
The spectral death yak gores you but does no damage.
You block the death scarab's attack.
The spectral death yak gores you but does no damage.
You hit the death scarab.
You claw the death scarab, but do no damage.
The death scarab is heavily damaged.
You slice the spectral death yak!! You hit the spectral death yak.
The death scarab bites you!!
* * * LOW HITPOINT WARNING * * *
The death scarab drains your vigour!
You feel as though you will be slow longer.
The death scarab draws strength from your injuries!
The death scarab bites you!
You die...

##...#########...#..(.©[=..
#≈.....#.©.#.....##########
##§8...#.8.#...8....#.©.#..
##......#.©.#........#...#..
#≈...###########.....#.©.#..
##...#....#....#...#########
#≈...#...#.#...#...###.....#
##...#..#.sZ#..#...###.###.#
#≈...#.#..#@.#.#...#.#..##.#
##.8.##..#Z#..##.8.#...©...#
#≈...#..#...#..#...#.##..#.#
##...#.#..#.P#.#...#.###/###
#§...##..#.#.Z##...#.[.52###
##...#."#.©.#Zs#...#########
#≈...###########............
##...............8.....8....
#≈.8......8.................


You could see 2 spectral death yaks and a death scarab.

Vanquished Creatures
  Josephine (D:11)
  Erolcha (Orc:2)
  3 two-headed ogres
  An ogre mage (Orc:2)
  A death scarab (Gauntlet)
  Nergalle (D:11)
  A sea snake (shapeshifter) (Gauntlet)
  2 unseen horrors
  A wizard (D:12)
  A glowing orange brain (shapeshifter) (Gauntlet)
  9 orc sorcerers
  A deep elf mage (D:14)
  A manticore (D:11)
  A cyclops (D:11)
  5 elephants (Lair:4)
  A merfolk siren (Lair:2)
  2 black mambas
  2 gargoyles
  4 spiny frogs
  An efreet (Volcano)
  A rime drake (Lair:2)
  3 komodo dragons
  5 trolls
  A slime creature (D:13)
  3 polar bears (Lair:2)
  7 blink frogs
  9 hippogriffs
  A spectral black mamba (Gauntlet)
  A spriggan (D:11)
  A shadow (D:10)
  6 wraiths
  A vampire (D:10)
  2 hogs (D:8)
  4 wyverns
  A yak (shapeshifter) (Gauntlet)
  A basilisk (Lair:3)
  2 fire elementals (Volcano)
  20 yaks
  A hungry ghost (D:11)
  Menkaure (D:7)
  2 wargs
  A two-headed ogre zombie (D:11)
  2 water moccasins
  3 porcupines
  9 ice beasts
  10 orc warriors
  A necrophage (D:11)
  10 ogres
  8 black bears
  4 phantoms
  An eye of draining (D:11)
  3 centaurs (D:11)
  2 wolves (D:9)
  4 crocodiles
  7 bullfrogs
  A big kobold (D:10)
  3 scorpions
  36 killer bees
  3 wights (D:9)
  5 crimson imps
  2 bullfrog zombies
  13 hounds
  24 orc wizards
  A quasit (D:11)
  2 bullfrog skeletons
  A gnoll shaman (D:8)
  11 orc priests
  4 centaur skeletons
  A jelly (D:11)
  An iguana (D:10)
  4 worker ants
  7 ogre zombies (D:11)
  A hound zombie (D:9)
  A hound skeleton (D:4)
  A howler monkey zombie (D:9)
  17 adders
  A shadow imp (D:11)
  An adder zombie (D:9)
  2 adder skeletons
  A dart slug (D:1)
  4 leopard geckos
  49 orcs
  6 bats
  2 giant cockroaches
  5 goblins
  7 hobgoblins
  4 quokkas
  4 frilled lizards
  2 goblin skeletons (D:11)
  5 goblin zombies (D:11)
  A hobgoblin skeleton (D:11)
  A hobgoblin zombie (D:11)
  12 kobolds
  A leopard gecko skeleton (D:7)
  2 orc skeletons (D:11)
  14 orc zombies (D:11)
  8 rats
  A fungus (Lair:1)
  2 plants
452 creatures vanquished.

Vanquished Creatures (collateral kills)
  An orc warlord (Orc:1)
  A very ugly thing (D:12)
  A deep elf annihilator (D:13)
  A hydra (D:13)
  An orc high priest (Orc:1)
  A wizard (D:12)
  An orc knight (D:13)
  An orc sorcerer (Orc:2)
  A deep elf mage (D:13)
  A cyclops (Orc:1)
  6 ugly things (D:12)
  A spiny frog (Lair:1)
  A gargoyle (D:13)
  An efreet (D:13)
  2 blink frogs (Lair:1)
  A basilisk (D:13)
  A warg (Orc:1)
  A porcupine (Lair:1)
  2 orc warriors (Orc:1)
  An ogre (Orc:1)
  A big kobold (D:13)
  8 killer bees (Lair:1)
  4 orc priests (Orc:1)
  5 orc wizards (Orc:2)
  6 orcs (Orc:1)
  3 kobolds (D:13)
54 creatures vanquished.

Vanquished Creatures (others)
  4 fungi
  6 plants
  14 withered plants (Gauntlet)
24 creatures vanquished.

Grand Total: 530 creatures vanquished

Notes
Turn   | Place    | Note
-------+----------+-------------------------------------------
     0 | D:1      | brucemayne the Hill Orc Monk began the quest for the Orb.
     0 | D:1      | Reached XP level 1. HP: 19/19 MP: 1/1
   118 | D:1      | Reached XP level 2. HP: 15/26 MP: 2/2
   285 | D:2      | Found an opulent altar of Gozag.
   291 | D:2      | Reached skill level 5 in Axes
   497 | D:2      | Reached XP level 3. HP: 31/31 MP: 3/3
   629 | D:2      | Reached skill level 6 in Axes
   744 | D:2      | Found a glowing golden altar of the Shining One.
   749 | D:2      | Became a worshipper of the Shining One
   749 | D:2      | Reached * piety under the Shining One
   749 | D:2      | Reached ** piety under the Shining One
   922 | D:3      | Reached XP level 4. HP: 39/39 MP: 4/4
   968 | D:3      | Found a sparkling altar of Nemelex Xobeh.
   984 | D:4      | Found a transporter.
  1124 | D:3      | Found a hide-covered altar of Uskayaw.
  1162 | D:3      | Reached skill level 7 in Axes
  1205 | D:3      | Reached XP level 5. HP: 21/45 MP: 5/5
  1280 | D:4      | Reached skill level 8 in Axes
  1283 | D:4      | Reached XP level 6. HP: 26/51 MP: 6/6
  1294 | D:4      | Found a hazy altar of Hepliaklqana.
  1452 | D:4      | Noticed Sobieck's ghost (amateur DDFi)
  1465 | D:4      | Reached skill level 9 in Axes
  1638 | D:4      | Found a transporter.
  1685 | D:5      | Entered Level 5 of the Dungeon
  1722 | D:5      | Reached skill level 10 in Axes
  1722 | D:5      | Reached XP level 7. HP: 17/57 MP: 7/7
  1774 | D:5      | Found a shimmering altar of Xom.
  1811 | D:5      | Found Joangimo's General Store.
  1819 | D:5      | Bought a potion of curing for 39 gold pieces
  1819 | D:5      | Bought a scroll of teleportation for 39 gold pieces
  1819 | D:5      | Bought a potion of might for 52 gold pieces
  2060 | D:6      | Found Jonty's Assorted Antiques.
  2060 | D:6      | Reached *** piety under the Shining One
  2095 | D:6      | Reached skill level 11 in Axes
  2226 | D:6      | Got a warped ring mail
  2237 | D:6      | Identified the +6 ring mail "Weoqe" {rN+} (You found it on
                  | level 6 of the Dungeon)
  2394 | D:7      | Reached skill level 1 in Shields
  2394 | D:7      | Reached XP level 8. HP: 64/64 MP: 8/8
  2426 | D:7      | Found a basalt altar of Yredelemnul.
  2462 | D:7      | Noticed Menkaure
  2462 | D:7      | Noticed a hippogriff
  2468 | D:7      | Killed Menkaure
  2468 | D:7      | Reached skill level 12 in Axes
  2474 | D:7      | Killed a hippogriff
  2578 | D:6      | Found a glowing golden altar of the Shining One.
  2658 | D:7      | Reached skill level 13 in Axes
  2715 | D:8      | Reached XP level 9. HP: 49/70 MP: 5/11
  2719 | D:8      | Reached skill level 5 in Invocations
  2899 | D:9      | Found a shattered altar of Ashenzari.
  3049 | D:8      | Reached skill level 5 in Fighting
  3095 | D:10     | Entered Level 10 of the Dungeon
  3144 | D:10     | Noticed a two-headed ogre
  3171 | D:10     | Reached **** piety under the Shining One
  3207 | D:10     | Reached skill level 14 in Axes
  3216 | D:10     | Reached XP level 10. HP: 73/84 MP: 11/15
  3278 | D:10     | Noticed an unseen horror
  3297 | D:10     | Killed an unseen horror
  3301 | D:10     | Noticed a gargoyle
  3355 | D:9      | Reached skill level 15 in Axes
  3478 | D:9      | Noticed a two-headed ogre
  3517 | D:9      | Killed a two-headed ogre
  3585 | D:9      | Found a runed translucent door.
  3585 | D:9      | Noticed Britaniac's ghost (novice GnWr)
  3586 | D:9      | Identified the +7 trident of Duty {pierce, +Rage rElec
                  | rPois rC-}
  3609 | D:9      | Reached ***** piety under the Shining One
  3752 | D:11     | Reached skill level 10 in Fighting
  3752 | D:11     | Reached XP level 11. HP: 49/98 MP: 16/16
  3811 | D:11     | Noticed a manticore
  3830 | D:11     | Reached skill level 16 in Axes
  3843 | D:11     | Killed a manticore
  3882 | D:11     | Found a basalt altar of Yredelemnul.
  3902 | D:11     | Noticed Nergalle
  3921 | D:11     | Killed Nergalle
  3943 | D:11     | Found Redafu's Antique Weapon Boutique.
  4143 | D:11     | Found a staircase to the Orcish Mines.
  4274 | D:11     | Noticed Josephine
  4289 | D:11     | Killed Josephine
  4333 | D:11     | Reached ****** piety under the Shining One
  4341 | D:11     | Noticed a cyclops
  4359 | D:11     | Killed a cyclops
  4359 | D:11     | Reached skill level 10 in Invocations
  4451 | D:12     | Found a shimmering altar of Xom.
  4453 | D:12     | Noticed an unseen horror
  4463 | D:12     | Killed an unseen horror
  4568 | D:12     | You fall into a shaft and drop 1 floor!
  4568 | D:13     | Noticed a deep elf mage
  4568 | D:13     | Noticed a two-headed ogre
  4575 | D:13     | Noticed a deep elf annihilator
  4577 | D:13     | Killed a deep elf mage
  4596 | D:13     | Killed a two-headed ogre
  4600 | D:13     | Killed a deep elf annihilator
  4600 | D:13     | Reached XP level 12. HP: 52/108 MP: 11/21
  4632 | D:13     | Noticed a six-headed hydra
  4638 | D:13     | Killed a six-headed hydra
  4659 | D:13     | Got a crude ring mail
  4917 | D:12     | Noticed a red very ugly thing
  4924 | D:12     | Killed a red very ugly thing
  4935 | D:12     | Identified the Tome of the Glacial Oath
  5003 | D:12     | Reached skill level 15 in Invocations
  5017 | D:12     | Found a frozen archway.
  5046 | IceCv    | Entered an ice cave
  5199 | Orc:1    | Entered Level 1 of the Orcish Mines
  5403 | Orc:1    | Noticed a soul eater
  5487 | Orc:2    | Entered Level 2 of the Orcish Mines
  5487 | Orc:2    | Found a staircase to the Elven Halls.
  5569 | Orc:1    | Noticed an orc warlord
  5595 | Orc:1    | Killed an orc warlord
  5638 | Orc:1    | Found a roughly hewn altar of Beogh.
  5639 | Orc:1    | Noticed an orc high priest
  5649 | Orc:1    | Killed an orc high priest
  5774 | Orc:2    | Reached XP level 13. HP: 66/115 MP: 23/25
  5864 | Orc:2    | Found a dark tunnel.
  5883 | Volcano  | Entered a volcano
  6100 | Orc:2    | Identified the +1 ring mail of Gudwiew {Dex+4} (You found
                  | it on level 13 of the Dungeon)
  6207 | Orc:2    | Paralysed by an orc sorcerer for 4 turns
  6252 | Orc:2    | Found Upnineku's Magic Scroll Shop.
  6272 | Orc:2    | Found a radiant altar of Vehumet.
  6272 | Orc:2    | Noticed Erolcha
  6315 | Orc:2    | Killed Erolcha
  6379 | Orc:2    | Found Plog's Antique Armour Boutique.
  6398 | Orc:2    | Reached skill level 17 in Axes
  6405 | Orc:2    | Found an ancient bone altar of Kikubaaqudgha.
  6509 | Orc:2    | Found a roughly hewn altar of Beogh.
  6549 | Orc:2    | Found Nanic's Gadget Boutique.
  6556 | Orc:2    | Found Tiskaus's Book Shop.
  6609 | Orc:2    | Bought a scroll of teleportation for 33 gold pieces
  6609 | Orc:2    | Bought a scroll of blinking for 82 gold pieces
  6609 | Orc:2    | Bought a scroll of enchant weapon for 82 gold pieces
  6609 | Orc:2    | Bought a scroll of enchant weapon for 82 gold pieces
  6609 | Orc:2    | Bought a scroll of enchant weapon for 82 gold pieces
  6609 | Orc:2    | Bought a scroll of fear for 38 gold pieces
  6628 | Orc:2    | Bought a glowing buckler for 217 gold pieces
  6944 | D:10     | Reached skill level 18 in Axes
  7062 | D:9      | Found a staircase to the Lair.
  7072 | Lair:1   | Entered Level 1 of the Lair of Beasts
  7078 | Lair:1   | Gained mutation: Your spells are a little harder to cast,
                  | but a little more powerful. [potion of mutation]
  7078 | Lair:1   | Gained mutation: You have sharp toenails. [potion of
                  | mutation]
  7078 | Lair:1   | Gained mutation: You are partially covered in molten
                  | scales. (AC +2) [potion of mutation]
  7081 | Lair:1   | Identified a scroll of acquirement
  7307 | Lair:1   | HP: 4/115 [crocodile (17)]
  7362 | Lair:1   | Reached skill level 19 in Axes
  7547 | Lair:2   | Found a staircase to the Shoals.
  7590 | Lair:2   | Reached skill level 1 in Armour
  7671 | Lair:1   | Reached XP level 14. HP: 98/122 MP: 26/26
  7907 | Lair:4   | Reached skill level 5 in Armour
  8035 | Lair:4   | Found a gate leading to a gauntlet.
  8049 | Gauntlet | Entered a Gauntlet
  8049 | Gauntlet | Found a transporter.
  8058 | Gauntlet | Found a transporter.
  8060 | Gauntlet | Found a transporter.
  8063 | Gauntlet | Found a transporter.
  8063 | Gauntlet | Found a transporter.
  8064 | Gauntlet | Found a transporter.
  8069 | Gauntlet | Noticed a reaper
  8076 | Gauntlet | Found a transporter.
  8077 | Gauntlet | Found a transporter.
  8142 | Gauntlet | Found a large runed translucent door.
  8142 | Gauntlet | Found a large runed translucent door.
  8143 | Gauntlet | Found a large runed translucent door.
  8143 | Gauntlet | Found a large runed translucent door.
  8144 | Gauntlet | Found a large runed translucent door.
  8144 | Gauntlet | Found a large runed translucent door.
  8145 | Gauntlet | Found a runed translucent gate.
  8145 | Gauntlet | Found a runed translucent door.
  8146 | Gauntlet | Found a transporter.
  8146 | Gauntlet | Found a runed translucent gate.
  8147 | Gauntlet | Found a runed translucent gate.
  8147 | Gauntlet | Found a runed translucent door.
  8148 | Gauntlet | Found a large runed translucent door.
  8148 | Gauntlet | Found a large runed translucent door.
  8149 | Gauntlet | Found a large runed translucent door.
  8150 | Gauntlet | Found a large runed translucent door.
  8159 | Gauntlet | Found a large runed translucent door.
  8159 | Gauntlet | Found a large runed translucent door.
  8160 | Gauntlet | Found a large runed translucent door.
  8161 | Gauntlet | Found a large runed translucent door.
  8163 | Gauntlet | Found a transporter.
  8167 | Gauntlet | Found a transporter.
  8170 | Gauntlet | Found a large runed translucent door.
  8170 | Gauntlet | Found a large runed translucent door.
  8176 | Gauntlet | Found a transporter.
  8223 | Gauntlet | Noticed a storm dragon
  8223 | Gauntlet | a six-headed hydra changed into a storm dragon
  8227 | Gauntlet | a storm dragon changed into a tyrant leech
  8364 | Gauntlet | Slain by a death scarab

Levels and vault maps discovered:
D:1:      minmay_arrival_jagged, layout_loops_ring
D:2:      minmay_door_path, layout_loops_ring, nicolae_gozag_seed_capital,
          lemuel_doored_altar, tso_metal_star
D:3:      layout_basic, eat_drink_and_be_merry_uskayaw, nemelex_altar_shiori,
          lemuel_round_altar
D:4:      layout_rooms, kennysheep_mini, gammafunk_ghost_stat_death
D:5:      corexii_shack_village, layout_gridville,
          lemuel_coloured_pillars_altar, okawaru_trees_1, temple_statues,
          serial_shops, nicolae_shop_statue_plus, first_ration,
          minmay_misc_feat_four_crosses, minivault_14
D:6:      lemuel_upstairs_altar, layout_basic, serial_shops, nicolae_shop_stone
D:7:      layout_cave_pods, overflow_temple_1_default, uniq_menkaure
D:8:      kennysheep_town
D:9:      layout_loops_ring, ashenzari_conservatory_becter, erik_lair_island,
          ebering_ghost_funeral_grove
D:10:     layout_basic, kennysheep_generic_room_5
D:11:     layout_stronghold, zombieorc2_lemuel, serial_shops,
          nicolae_shop_behind_doors, basic_altar, hangedman_stone_soup,
          chequers_jeans, uniq_harold, uniq_josephine, uniq_nergalle
D:12:     cheibrodos_breeding_chamber, layout_irregular_city, basic_altar,
          portal_ice_cave_entry_ice_beasts, hangedman_decor_opposing
D:13:     minmay_strange_plus, layout_basic,
          hangedman_vaults_entry_quadrant_bands, uniq_kirke, uniq_frances
D:14:     layout_long_grid, roderic_serpentine_path, hangedman_incinerator,
          uniq_azrael
Lair:1:   wad_woods_minihive, layout_chaotic_city, minivault_11
Lair:2:   beast_lair_carwin_large_3, layout_layer_cave,
          minmay_shoals_entry_lonely_mermaid
Lair:3:   layout_chaotic_city, serial_bayou_shore_a, grunt_megastairs_4
Lair:4:   layout_roguey, spider_nest_entry_rubble, gauntlet_entry_generic,
          minmay_lindwurm_lava, infiniplex_staircase_pool_2,
          minmay_lair_oklob_chamber
Orc:1:    layout_caves, minmay_orc_temple_c
Orc:2:    kennysheep_orc_mage_school, layout_caves, nicolae_volcano_entry_s_turn
Gauntlet: minmay_gauntlet_mixed_oops_all_seconds
          [minmay_gauntlet_arena_77_checkered, gammafunk_gauntlet_arena_crates,
          minmay_gauntlet_arena_77_hold_the_fort,
          minmay_gauntlet_arena_make_your_own_arena,
          minmay_gauntlet_arena_77_p_blocks,
          gammafunk_gauntlet_arena_arrow_garden,
          nicolae_gauntlet_exit_dead_adventurers]

Skill      XL: |  1  2  3  4  5  6  7  8  9 10 11 12 13 14 |
---------------+-------------------------------------------+-----
Axes           | 5 6 7 8 10 11 13 14 15 16 19 | 19.6
Shields        | 1 4 |  4.2
Invocations    | 3 6 12 16 17 | 17.4
Fighting       | 6 10 11 | 11.0
Armour         | 1 7 |  7.1
Dodging        | |  2.4
Stealth        | |  1.5

Action                   |  1- 3 |  4- 6 |  7- 9 | 10-12 | 13-15 || total
-------------------------+-------+-------+-------+-------+-------++-------
Melee: Hand axe          |   113 |    28 |       |       |       ||   141
       War axe           |       |    44 |   192 |   595 |   204 ||  1035
       Whip              |       |    20 |    13 |       |       ||    33
       Battleaxe         |       |       |       |       |   242 ||   242
       Kick              |       |       |       |       |    69 ||    69
Throw: Dart              |       |     4 |     5 |     3 |       ||    12
Invok: Divine Shield     |       |       |     3 |    13 |    10 ||    26
       Summon Divine War |       |       |       |     4 |     2 ||     6
Evoke: Wand              |       |     4 |     4 |     4 |     7 ||    19
  Use: Potion            |       |     3 |       |     1 |     6 ||    10
       Scroll            |       |     9 |     2 |     5 |    12 ||    28
 Stab: Sleeping          |     1 |       |       |       |       ||     1
  Eat: Chunk             |       |     1 |     2 |       |       ||     3
       Ration            |       |     1 |     1 |     4 |     3 ||     9
Armor: Ring mail         |    50 |     6 |    55 |    26 |       ||   137
       Chain mail        |       |    15 |    23 |       |    14 ||    52
       Skin              |       |     8 |       |       |       ||     8
       Troll leather arm |       |       |       |    63 |    95 ||   158
Dodge: Dodged            |    71 |    35 |   128 |   291 |   254 ||   779
Block: Buckler           |       |       |    64 |   225 |    64 ||   353
       Other             |       |       |       |       |    67 ||    67
